Dernière mise à jour: 2025-12-07 16:11:59
% Time on Ice - NORTH DAKOTA HAWKS
Lines # - Real PCT - Wanted PCT - Time Play
Normal Forward
1 - 35% - 34% - 18:00
2 - 34% - 33% - 17:28
3 - 19% - 20% - 9:52
4 - 13% - 13% - 6:44
Normal Defense
1 - 36% - 40% - 19:00
2 - 32% - 37% - 16:49
3 - 23% - 12% - 11:59
4 - 8% - 11% - 4:16
PP Forward
1 - 47% - 65% - 1:52
2 - 53% - 35% - 2:06
PP Defense
1 - 38% - 65% - 1:31
2 - 62% - 35% - 2:27
PK Forward
1 - 68% - 55% - 2:42
2 - 32% - 45% - 1:16
PK Defense
1 - 50% - 55% - 2:00
2 - 50% - 45% - 1:58
PK3 Forward
1 - 0% - 55%
2 - 0% - 45%
PK3 Defense
1 - 0% - 55%
2 - 0% - 45%
44 Forward
1 - 0% - 55%
2 - 0% - 45%
44 Defense
1 - 0% - 55%
2 - 0% - 45%
Last Minute Offensive  - 0:00
Last Minute Defensive  - 0:00
Total
Forward - 60:00
Defense - 60:00
% Time on Ice - OKANAGAN RATTLESNAKES
Lines # - Real PCT - Wanted PCT - Time Play
Normal Forward
1 - 34% - 36% - 17:44
2 - 29% - 31% - 15:20
3 - 30% - 23% - 15:23
4 - 7% - 10% - 3:37
Normal Defense
1 - 33% - 36% - 16:58
2 - 31% - 31% - 16:14
3 - 28% - 23% - 14:50
4 - 8% - 10% - 4:02
PP Forward
1 - 59% - 55% - 2:20
2 - 41% - 45% - 1:38
PP Defense
1 - 59% - 55% - 2:20
2 - 41% - 45% - 1:38
PK Forward
1 - 60% - 55% - 2:22
2 - 40% - 45% - 1:36
PK Defense
1 - 63% - 55% - 2:31
2 - 37% - 45% - 1:27
PK3 Forward
1 - 0% - 55%
2 - 0% - 45%
PK3 Defense
1 - 0% - 55%
2 - 0% - 45%
44 Forward
1 - 0% - 55%
2 - 0% - 45%
44 Defense
1 - 0% - 55%
2 - 0% - 45%
Last Minute Offensive  - 0:00
Last Minute Defensive  - 0:00
Total
Forward - 60:00
Defense - 60:00
Play-by-Play 1st period 0:01 of 1st period - Kyle Palmieri wins face-off versus Jason Robertson in neutral zone. 0:08 of 1st period - Shot by Kyle Palmieri. 0:08 of 1st period - Shot Blocked by Jason Robertson. 0:28 of 1st period - Shot by Jason Robertson. 0:28 of 1st period - Shot Misses the Net. 0:43 of 1st period - Shot by Jack Hughes. 0:43 of 1st period - Goal by Jack Hughes - NORTH DAKOTA HAWKS : 1 - OKANAGAN RATTLESNAKES : 0. 0:44 of 1st period - Pierre-Edouard Bellemare wins face-off versus Nick Suzuki in neutral zone. 1:06 of 1st period - Shot by Jake DeBrusk. 1:06 of 1st period - Shot Misses the Net. 1:45 of 1st period - Justin Danforth is hit by Jordan Harris and loses puck. 2:00 of 1st period - Shot by Mason Appleton. 2:00 of 1st period - Stopped by Linus Ullmark with a rebound. 2:35 of 1st period - Off-side. 2:36 of 1st period - Xavier Parent wins face-off versus Frederick Gaudreau in neutral zone. 2:43 of 1st period - Frederick Gaudreau is hit by Blake Coleman and loses puck. 2:48 of 1st period - Shot by Esa Lindell. 2:48 of 1st period - Stopped by Linus Ullmark without a rebound. 2:49 of 1st period - Pierre-Edouard Bellemare wins face-off versus Jack Hughes in NORTH DAKOTA HAWKS zone. 3:18 of 1st period - Shot by Jack Hughes. 3:18 of 1st period - Shot Misses the Net. 3:20 of 1st period - Shot by Jonas Siegenthaler. 3:20 of 1st period - Goal by Jonas Siegenthaler - NORTH DAKOTA HAWKS : 2 - OKANAGAN RATTLESNAKES : 0. 3:21 of 1st period - Nick Suzuki wins face-off versus Kyle Palmieri in neutral zone. 3:21 of 1st period - Nick Suzuki is hit by Anders Lee. 3:42 of 1st period - Minor Penalty to Nick Suzuki for Tripping. 3:43 of 1st period - Kevin Labanc wins face-off versus Nico Sturm in NORTH DAKOTA HAWKS zone. 4:00 of 1st period - Shot by Kyle Palmieri. 4:00 of 1st period - Stopped by Linus Ullmark without a rebound. 4:01 of 1st period - Nico Sturm wins face-off versus Blake Coleman in NORTH DAKOTA HAWKS zone. 4:20 of 1st period - Icing by Colton Parayko. 4:21 of 1st period - Frederick Gaudreau wins face-off versus Blake Coleman in OKANAGAN RATTLESNAKES zone. 5:32 of 1st period - Shot by Kyle Palmieri. 5:32 of 1st period - Shot Blocked by Jonas Siegenthaler. 5:44 of 1st period - Shot by Kyle Palmieri. 5:44 of 1st period - Stopped by Linus Ullmark without a rebound. 5:45 of 1st period - Nick Suzuki wins face-off versus Pierre-Edouard Bellemare in NORTH DAKOTA HAWKS zone. 6:06 of 1st period - Off-side. 6:07 of 1st period - Frederick Gaudreau wins face-off versus Mason Appleton in neutral zone. 6:35 of 1st period - Icing by Garnet Hathaway. 6:36 of 1st period - Kyle Palmieri wins face-off versus Ryan Hartman in NORTH DAKOTA HAWKS zone. 7:41 of 1st period - Icing by Jordan Harris. 7:42 of 1st period - Pierre-Edouard Bellemare wins face-off versus Jack Hughes in OKANAGAN RATTLESNAKES zone. 8:03 of 1st period - Shot by Jack Hughes. 8:03 of 1st period - Stopped by Laurent Brossoit without a rebound. 8:04 of 1st period - Mason Appleton wins face-off versus Nick Suzuki in OKANAGAN RATTLESNAKES zone. 8:19 of 1st period - Shot by Mason Appleton. 8:19 of 1st period - Stopped by Linus Ullmark without a rebound. 8:20 of 1st period - Jack Hughes wins face-off versus Xavier Parent in NORTH DAKOTA HAWKS zone. 9:30 of 1st period - Reyley Smith is hit by Carson Soucy. 9:36 of 1st period - Shot by Jake DeBrusk. 9:36 of 1st period - Shot Misses the Net. 9:38 of 1st period - Shot by Nick Suzuki. 9:38 of 1st period - Stopped by Laurent Brossoit without a rebound. 9:39 of 1st period - Pierre-Edouard Bellemare wins face-off versus Nico Sturm in OKANAGAN RATTLESNAKES zone. 9:39 of 1st period - Pierre-Edouard Bellemare is hit by Beck Malenstyn. 9:46 of 1st period - Off-side. 9:47 of 1st period - Nick Suzuki wins face-off versus Kyle Palmieri in neutral zone. 9:49 of 1st period - Off-side. 9:50 of 1st period - Nick Suzuki wins face-off versus Mason Appleton in neutral zone. 9:55 of 1st period - Shot by Jake DeBrusk. 9:55 of 1st period - Stopped by Laurent Brossoit without a rebound. 9:56 of 1st period - Nick Suzuki wins face-off versus Kyle Palmieri in OKANAGAN RATTLESNAKES zone. 9:57 of 1st period - Shot by Reyley Smith. 9:57 of 1st period - Shot Blocked by Colton Parayko. 9:59 of 1st period - Shot by Jonas Siegenthaler. 9:59 of 1st period - Shot Blocked by Colton Parayko. 10:07 of 1st period - Shot by Jake DeBrusk. 10:07 of 1st period - Deflect By Nick Suzuki. 10:07 of 1st period - Stopped by Laurent Brossoit without a rebound. 10:08 of 1st period - Pierre-Edouard Bellemare wins face-off versus Nico Sturm in OKANAGAN RATTLESNAKES zone. 10:08 of 1st period - Blake Coleman is hit by Beck Malenstyn and loses puck. 10:29 of 1st period - Shot by Beck Malenstyn. 10:29 of 1st period - Stopped by Laurent Brossoit with a rebound. 11:07 of 1st period - Icing by Carson Soucy. 11:08 of 1st period - Jack Hughes wins face-off versus Blake Coleman in OKANAGAN RATTLESNAKES zone. 11:35 of 1st period - Shot by Jason Robertson. 11:35 of 1st period - Shot Misses the Net. 11:45 of 1st period - Shot by Kyle Palmieri. 11:45 of 1st period - Goal by Kyle Palmieri - NORTH DAKOTA HAWKS : 2 - OKANAGAN RATTLESNAKES : 1. 11:46 of 1st period - Nick Suzuki wins face-off versus Mason Appleton in neutral zone. 11:59 of 1st period - Shot by Nick Suzuki. 11:59 of 1st period - Shot Misses the Net. 12:01 of 1st period - Shot by Jake DeBrusk. 12:01 of 1st period - Shot Misses the Net. 12:35 of 1st period - Garnet Hathaway is hit by Austin Poganski and loses puck. 13:18 of 1st period - Shot by Anders Lee. 13:18 of 1st period - Shot Blocked by Frederick Gaudreau. 13:20 of 1st period - Shot by Colton Parayko. 13:20 of 1st period - Shot Misses the Net. 13:22 of 1st period - Shot by Colton Parayko. 13:22 of 1st period - Shot Misses the Net. 13:24 of 1st period - Shot by Esa Lindell. 13:24 of 1st period - Stopped by Linus Ullmark with a rebound. 14:07 of 1st period - Jason Robertson is hit by Kyle Palmieri and loses puck. 14:26 of 1st period - Shot by Blake Coleman. 14:26 of 1st period - Shot Misses the Net. 15:09 of 1st period - Icing by Jordan Harris. 15:10 of 1st period - Nico Sturm wins face-off versus Mason Appleton in OKANAGAN RATTLESNAKES zone. 15:54 of 1st period - Minor Penalty to Anders Lee for Holding. 15:55 of 1st period - Blake Coleman wins face-off versus Nick Suzuki in OKANAGAN RATTLESNAKES zone. 16:33 of 1st period - Shot by Jake DeBrusk. 16:33 of 1st period - Stopped by Laurent Brossoit without a rebound. 16:34 of 1st period - Austin Poganski wins face-off versus Frederick Gaudreau in OKANAGAN RATTLESNAKES zone. 16:51 of 1st period - Shot by Jason Robertson. 16:51 of 1st period - Stopped by Laurent Brossoit without a rebound. 16:52 of 1st period - Nick Suzuki wins face-off versus Austin Poganski in OKANAGAN RATTLESNAKES zone. 17:44 of 1st period - Shot by Jason Robertson. 17:44 of 1st period - Shot Misses the Net. 17:46 of 1st period - Shot by Jason Robertson. 17:46 of 1st period - Shot Misses the Net. 17:48 of 1st period - Shot by Connor Murphy. 17:48 of 1st period - Stopped by Laurent Brossoit without a rebound. 17:49 of 1st period - Frederick Gaudreau wins face-off versus Kevin Labanc in OKANAGAN RATTLESNAKES zone. 17:50 of 1st period - Shot by Jason Robertson. 17:50 of 1st period - Shot Misses the Net. 18:47 of 1st period - Icing by Jonas Siegenthaler. 18:48 of 1st period - Nick Suzuki wins face-off versus Mason Appleton in NORTH DAKOTA HAWKS zone. 19:05 of 1st period - Shot by Jake DeBrusk. 19:05 of 1st period - Shot Blocked by Esa Lindell. 19:07 of 1st period - Shot by Reyley Smith. 19:07 of 1st period - Shot Misses the Net. 19:09 of 1st period - Shot by Nick Suzuki. 19:09 of 1st period - Goal by Nick Suzuki - NORTH DAKOTA HAWKS : 3 - OKANAGAN RATTLESNAKES : 1. 19:10 of 1st period - Nico Sturm wins face-off versus Pierre-Edouard Bellemare in neutral zone. 19:25 of 1st period - Shot by Justin Danforth. 19:25 of 1st period - Shot Misses the Net. 19:27 of 1st period - Shot by Beck Malenstyn. 19:27 of 1st period - Deflect By Justin Danforth. 19:27 of 1st period - Shot Misses the Net. 19:29 of 1st period - Shot by Jacob Bernard-Docker. 19:29 of 1st period - Stopped by Laurent Brossoit without a rebound. 19:30 of 1st period - Mason Appleton wins face-off versus Nick Suzuki in OKANAGAN RATTLESNAKES zone. 19:30 of 1st period - Mason Appleton is hit by Jake DeBrusk. Goals for this period are 3 for NORTH DAKOTA HAWKS vs 1 for OKANAGAN RATTLESNAKES. Shots for this period are 12 for NORTH DAKOTA HAWKS vs 7 for OKANAGAN RATTLESNAKES. 2nd period 0:01 of 2nd period - Nick Suzuki wins face-off versus Kyle Palmieri in neutral zone. 0:04 of 2nd period - Anders Lee is hit by Nick Suzuki. 0:29 of 2nd period - Shot by Reyley Smith. 0:29 of 2nd period - Shot Misses the Net. 0:31 of 2nd period - Shot by Jake DeBrusk. 0:31 of 2nd period - Shot Blocked by Esa Lindell. 0:33 of 2nd period - Shot by Reyley Smith. 0:33 of 2nd period - Shot Misses the Net. 0:41 of 2nd period - Shot by Nick Suzuki. 0:41 of 2nd period - Shot Misses the Net. 0:42 of 2nd period - Minor Penalty to Esa Lindell for Roughing. 0:43 of 2nd period - Jason Robertson wins face-off versus Kevin Labanc in OKANAGAN RATTLESNAKES zone. 0:46 of 2nd period - Shot by Frederick Gaudreau. 0:46 of 2nd period - Shot Misses the Net. 2:44 of 2nd period - Shot by Jack Hughes. 2:44 of 2nd period - Stopped by Laurent Brossoit with a rebound. 2:46 of 2nd period - Shot by Beck Malenstyn. 2:46 of 2nd period - Shot Misses the Net. 2:48 of 2nd period - Shot by Jack Hughes. 2:48 of 2nd period - Stopped by Laurent Brossoit without a rebound. 2:49 of 2nd period - Pierre-Edouard Bellemare wins face-off versus Jack Hughes in OKANAGAN RATTLESNAKES zone. 3:54 of 2nd period - Off-side. 3:55 of 2nd period - Nico Sturm wins face-off versus Xavier Parent in neutral zone. 4:09 of 2nd period - Icing by Josh Manson. 4:10 of 2nd period - Nick Suzuki wins face-off versus Xavier Parent in OKANAGAN RATTLESNAKES zone. 4:20 of 2nd period - Nick Suzuki is hit by Josh Manson and loses puck. 4:29 of 2nd period - Shot by Jake DeBrusk. 4:29 of 2nd period - Shot Misses the Net. 5:30 of 2nd period - Off-side. 5:31 of 2nd period - Jack Hughes wins face-off versus Kyle Palmieri in neutral zone. 5:48 of 2nd period - Shot by Jason Robertson. 5:48 of 2nd period - Shot Misses the Net. 5:50 of 2nd period - Shot by Ryan Lindgren. 5:50 of 2nd period - Stopped by Laurent Brossoit with a rebound. 6:02 of 2nd period - Shot by Jason Robertson. 6:02 of 2nd period - Shot Blocked by Anders Lee. 6:04 of 2nd period - Shot by Ryan Lindgren. 6:04 of 2nd period - Shot Blocked by Jordan Harris. 6:13 of 2nd period - Icing by Kyle Palmieri. 6:14 of 2nd period - Nick Suzuki wins face-off versus Shane Wright in OKANAGAN RATTLESNAKES zone. 6:45 of 2nd period - Shot by Reyley Smith. 6:45 of 2nd period - Stopped by Laurent Brossoit with a rebound. 6:47 of 2nd period - Shot by Nick Suzuki. 6:47 of 2nd period - Stopped by Laurent Brossoit without a rebound. 6:48 of 2nd period - Blake Coleman wins face-off versus Nico Sturm in OKANAGAN RATTLESNAKES zone. 6:52 of 2nd period - Off-side. 6:53 of 2nd period - Pierre-Edouard Bellemare wins face-off versus Jack Hughes in neutral zone. 7:22 of 2nd period - Off-side. 7:23 of 2nd period - Nick Suzuki wins face-off versus